Workbook

Sheet 法適用_下水道事業
B2: 経営比較分析表
B6: =データ!H6 -> 千葉県 佐倉市
B7: 業務名 | I7: 業種名 | P7: 事業名 | W7: 類似団体区分 | AL7: 人口（人） | AT7: 面積(km2) | BB7: 人口密度(人/km2) | BL7: グラフ凡例
B8: =データ!I6 -> 法適用 | I8: =データ!J6 -> 下水道事業 | P8: =データ!K6 -> 公共下水道 | W8: =データ!L6 -> Ac1 | AL8: =データ!R6 -> 177056 | AT8: =データ!S6 -> 103.69 | BB8: =データ!T6 -> 1707.55 | BL8: ■ | BN8: 当該団体値（当該値）
B9: 資金不足比率(％) | I9: 自己資本構成比率(％) | P9: 普及率(％) | W9: 有収率(％) | AD9: 1か月20ｍ3当たり家庭料金(円) | AL9: 処理区域内人口(人) | AT9: 処理区域面積(km2) | BB9: 処理区域内人口密度(人/km2) | BL9: － | BN9: 類似団体平均値（平均値）
B10: =データ!M6 -> - | I10: =データ!N6 -> 90.01 | P10: =データ!O6 -> 91.42 | W10: =データ!P6 -> 81.08 | AD10: =データ!Q6 -> 1825 | AL10: =データ!U6 -> 161798 | AT10: =データ!V6 -> 24.87 | BB10: =データ!W6 -> 6505.75 | BL10: 【】 | BN10: 平成27年度全国平均
BL11: 分析欄
B14: 1. 経営の健全性・効率性 | BL14: 1. 経営の健全性・効率性について
BL16: 流動比率、企業債残高対象事業規模比率は、全国平均、類似団体平均と比較すると良好ではあるが、経常収支比率は、前年度数値を下回っており、全国平均、類似団体平均と比較しても低い数値となっている。当該比率の減少理由は、費用の大半を占めている減価償却費や終末処理場での処理費用の負担金の増加によるものである。これらの経費は、今後も増加が見込まれる費用であるので、将来、経営を圧迫する要因の一つである。経費回収率は、全国平均、類似団体平均よりも高く、汚水処理原価は全国平均、類似団体平均より低い。当市は長期前受金戻入の実情（当市の長期前受金は受贈財産や工事寄付金等再現性のない項目が大半を占めている）を踏まえ、将来の確実な更新財源を確保する観点での分析が必須であるとし、別途、佐倉市独自の経費回収率を算出し事業運営の指標としている。それによると、減価償却費から国県補助金に伴う長期前受金戻入のみを控除した汚水処理費により経費回収率を算出した結果、100％を大きく下回り、施設の更新財源を考慮した収入体系となっていないものと考えられる。
C34: 「経常損益」 | R34: 「累積欠損」 | AG34: 「支払能力」 | AV34: 「債務残高」
BL45: 2. 老朽化の状況について
BL47: 有形固定資産減価償却率は前年を上回っており老朽化が進行している。全国平均、類似団体と比較すると平均を下回っており、資産の老朽化は比較的低い。管渠改善率は、ほぼ類似団体平均レベルであるが、前年の改善率を下回っており管路更新のペースの鈍化がみられる。佐倉市の下水道管は現在耐用年数を経過しているものがまだ発生していないが、実際には老朽化した管渠がみられることや、昭和40年代後半から50年代にかけ最も多くの下水道管が設置されており、今後急激に老朽化が進行することが見込まれることから、管渠改善率をあげていくことが求められている。
C56: 「料金水準の適切性」 | R56: 「費用の効率性」 | AG56: 「施設の効率性」 | AV56: 「使用料対象の捕捉」
B60: 2. 老朽化の状況
BL64: 全体総括
BL66: 経営の健全性・効率性についての分析から経常費用の増加から経営状況の悪化の兆候が見られることや、老朽化の状況についての分析から、今後の更新投資が増大していくことがわかる。今後は、人口減少による使用料収入の減少が予測される中、将来への負担を考慮すると企業債に頼らない更新財源の確保がより望ましい。これらのことから下水道使用料の見直しを含めた経営改善を行う必要があると考えられる。
C79: 「施設全体の減価償却の状況」 | W79: 「管渠の経年化の状況」 | AQ79: 「管渠の更新投資・老朽化対策の実施状況」
C83: ※ 「経常収支比率」、「累積欠損金比率」、「流動比率」、「有形固定資産減価償却率」及び「管渠老朽化率」については、法非適用企業では算出できないため、法適用企業のみの類似団体平均値及び全国平均を算出しています。
C84: ※ 平成23年度から平成25年度における各指標の類似団体平均値は、当時の事業数を基に算出していますが、企業債残高対事業規模比率、管渠老朽化率及び管渠改善率については、平成26年度の事業数を基に類似団体平均値を算出しています。

Sheet データ
A1: 下水道事業(法適用) | X1: 1 | Y1: 1 | Z1: 1 | AA1: 1 | AB1: 1 | AC1: 1 | AD1: 1 | AE1: 1 | AF1: 1 | AG1: 1 | AI1: 1 | AJ1: 1 | AK1: 1 | AL1: 1 | AM1: 1 | AN1: 1 | AO1: 1 | AP1: 1 | AQ1: 1 | AR1: 1 | AT1: 1 | AU1: 1 | AV1: 1 | AW1: 1 | AX1: 1 | AY1: 1 | AZ1: 1 | BA1: 1 | BB1: 1 | BC1: 1 | BE1: 1 | BF1: 1 | BG1: 1 | BH1: 1 | BI1: 1 | BJ1: 1 | BK1: 1 | BL1: 1 | BM1: 1 | BN1: 1 | BP1: 1 | BQ1: 1 | BR1: 1 | BS1: 1 | BT1: 1 | BU1: 1 | BV1: 1 | BW1: 1 | BX1: 1 | BY1: 1 | CA1: 1 | CB1: 1 | CC1: 1 | CD1: 1 | CE1: 1 | CF1: 1 | CG1: 1 | CH1: 1 | CI1: 1 | CJ1: 1 | CL1: 1 | CM1: 1 | CN1: 1 | CO1: 1 | CP1: 1 | CQ1: 1 | CR1: 1 | CS1: 1 | CT1: 1 | CU1: 1 | CW1: 1 | CX1: 1 | CY1: 1 | CZ1: 1 | DA1: 1 | DB1: 1 | DC1: 1 | DD1: 1 | DE1: 1 | DF1: 1 | DH1: 1 | DI1: 1 | DJ1: 1 | DK1: 1 | DL1: 1 | DM1: 1 | DN1: 1 | DO1: 1 | DP1: 1 | DQ1: 1 | DS1: 1 | DT1: 1 | DU1: 1 | DV1: 1 | DW1: 1 | DX1: 1 | DY1: 1 | DZ1: 1 | EA1: 1 | EB1: 1 | ED1: 1 | EE1: 1 | EF1: 1 | EG1: 1 | EH1: 1 | EI1: 1 | EJ1: 1 | EK1: 1 | EL1: 1 | EM1: 1
A2: 項番 | B2: =COLUMN()-1 -> 1 | C2: =COLUMN()-1 -> 2 | D2: =COLUMN()-1 -> 3 | E2: =COLUMN()-1 -> 4 | F2: =COLUMN()-1 -> 5 | G2: =COLUMN()-1 -> 6 | H2: =COLUMN()-1 -> 7 | I2: =COLUMN()-1 -> 8 | ... EN2: =COLUMN()-1 -> 143
A3: 大項目 | B3: 年度 | C3: 団体CD | D3: 業務CD | E3: 業種CD | F3: 事業CD | G3: 施設CD | H3: 基本情報 | X3: 1. 経営の健全性・効率性 | DH3: 2. 老朽化の状況
A4: 中項目 | X4: ①経常収支比率(％) | AI4: ②累積欠損金比率(％) | AT4: ③流動比率(％) | BE4: ④企業債残高対事業規模比率(％) | BP4: ⑤経費回収率(％) | CA4: ⑥汚水処理原価(円) | CL4: ⑦施設利用率(％) | CW4: ⑧水洗化率(％) | DH4: ①有形固定資産減価償却率(％) | DS4: ②管渠老朽化率(％) | ED4: ③管渠改善率(％)
A5: 小項目 | H5: 都道府県名 | I5: 法適・法非適 | J5: 業種名称 | K5: 事業名称 | L5: 類似団体 | M5: 資金不足比率 | N5: 自己資本構成比率 | O5: 普及率 | P5: 有収率 | Q5: 1ヶ月20㎥当たり家庭料金 | R5: 人口 | S5: 面積 | T5: 人口密度 | U5: 処理区域内人口 | V5: 処理区域面積 | W5: 処理区域内人口密度 | X5: 比率(N-4) | Y5: 比率(N-3) | Z5: 比率(N-2) | AA5: 比率(N-1) | AB5: 比率(N) | AC5: 類似団体平均(N-4) | AD5: 類似団体平均(N-3) | AE5: 類似団体平均(N-2) | AF5: 類似団体平均(N-1) | AG5: 類似団体平均(N) | AH5: 全国平均 | AI5: 比率(N-4) | AJ5: 比率(N-3) | AK5: 比率(N-2) | AL5: 比率(N-1) | AM5: 比率(N) | AN5: 類似団体平均(N-4) | AO5: 類似団体平均(N-3) | AP5: 類似団体平均(N-2) | AQ5: 類似団体平均(N-1) | AR5: 類似団体平均(N) | AS5: 全国平均 | AT5: 比率(N-4) | AU5: 比率(N-3) | AV5: 比率(N-2) | AW5: 比率(N-1) | AX5: 比率(N) | AY5: 類似団体平均(N-4) | AZ5: 類似団体平均(N-3) | BA5: 類似団体平均(N-2) | BB5: 類似団体平均(N-1) | BC5: 類似団体平均(N) | BD5: 全国平均 | BE5: 比率(N-4) | BF5: 比率(N-3) | BG5: 比率(N-2) | BH5: 比率(N-1) | BI5: 比率(N) | BJ5: 類似団体平均(N-4) | BK5: 類似団体平均(N-3) | BL5: 類似団体平均(N-2) | BM5: 類似団体平均(N-1) | BN5: 類似団体平均(N) | BO5: 全国平均 | BP5: 比率(N-4) | BQ5: 比率(N-3) | BR5: 比率(N-2) | BS5: 比率(N-1) | BT5: 比率(N) | BU5: 類似団体平均(N-4) | BV5: 類似団体平均(N-3) | BW5: 類似団体平均(N-2) | BX5: 類似団体平均(N-1) | BY5: 類似団体平均(N) | BZ5: 全国平均 | CA5: 比率(N-4) | CB5: 比率(N-3) | CC5: 比率(N-2) | CD5: 比率(N-1) | CE5: 比率(N) | CF5: 類似団体平均(N-4) | CG5: 類似団体平均(N-3) | CH5: 類似団体平均(N-2) | CI5: 類似団体平均(N-1) | CJ5: 類似団体平均(N) | CK5: 全国平均 | CL5: 比率(N-4) | CM5: 比率(N-3) | CN5: 比率(N-2) | CO5: 比率(N-1) | CP5: 比率(N) | CQ5: 類似団体平均(N-4) | CR5: 類似団体平均(N-3) | CS5: 類似団体平均(N-2) | CT5: 類似団体平均(N-1) | CU5: 類似団体平均(N) | CV5: 全国平均 | CW5: 比率(N-4) | CX5: 比率(N-3) | CY5: 比率(N-2) | CZ5: 比率(N-1) | DA5: 比率(N) | DB5: 類似団体平均(N-4) | DC5: 類似団体平均(N-3) | DD5: 類似団体平均(N-2) | DE5: 類似団体平均(N-1) | DF5: 類似団体平均(N) | DG5: 全国平均 | DH5: 比率(N-4) | DI5: 比率(N-3) | DJ5: 比率(N-2) | DK5: 比率(N-1) | DL5: 比率(N) | DM5: 類似団体平均(N-4) | DN5: 類似団体平均(N-3) | DO5: 類似団体平均(N-2) | DP5: 類似団体平均(N-1) | DQ5: 類似団体平均(N) | DR5: 全国平均 | DS5: 比率(N-4) | DT5: 比率(N-3) | DU5: 比率(N-2) | DV5: 比率(N-1) | DW5: 比率(N) | DX5: 類似団体平均(N-4) | DY5: 類似団体平均(N-3) | DZ5: 類似団体平均(N-2) | EA5: 類似団体平均(N-1) | EB5: 類似団体平均(N) | EC5: 全国平均 | ED5: 比率(N-4) | EE5: 比率(N-3) | EF5: 比率(N-2) | EG5: 比率(N-1) | EH5: 比率(N) | EI5: 類似団体平均(N-4) | EJ5: 類似団体平均(N-3) | EK5: 類似団体平均(N-2) | EL5: 類似団体平均(N-1) | EM5: 類似団体平均(N) | EN5: 全国平均
A6: 参照用 | B6: =B7 -> 2015 | C6: =C7 -> 122122 | D6: =D7 -> 46 | E6: =E7 -> 17 | F6: =F7 -> 1 | G6: =G7 -> 0 | H6: =H7 -> 千葉県 佐倉市 | I6: =I7 -> 法適用 | ... W6: =W7 -> 6505.75 | X6: =IF(X7="",NA(),X7) -> - | Y6: =IF(Y7="",NA(),Y7) -> - | Z6: =IF(Z7="",NA(),Z7) -> - | AA6: =IF(AA7="",NA(),AA7) -> 105.23 | AB6: =IF(AB7="",NA(),AB7) -> 103.84 | AC6: =IF(AC7="",NA(),AC7) -> - | AD6: =IF(AD7="",NA(),AD7) -> - | AE6: =IF(AE7="",NA(),AE7) -> - | ... AG6: =IF(AG7="",NA(),AG7) -> 106.67 | AH6: =IF(AH7="","",IF(AH7="-","【-】","【"&SUBSTITUTE(TEXT(AH7,"#,##0.00"),"-","△")&"】")) -> 【108.23】 | AI6: =IF(AI7="",NA(),AI7) -> - | AJ6: =IF(AJ7="",NA(),AJ7) -> - | AK6: =IF(AK7="",NA(),AK7) -> - | AL6: =IF(AL7="",NA(),AL7) -> 0 | AM6: =IF(AM7="",NA(),AM7) -> 0 | AN6: =IF(AN7="",NA(),AN7) -> - | AO6: =IF(AO7="",NA(),AO7) -> - | AP6: =IF(AP7="",NA(),AP7) -> - | ... AR6: =IF(AR7="",NA(),AR7) -> 12.51 | AS6: =IF(AS7="","",IF(AS7="-","【-】","【"&SUBSTITUTE(TEXT(AS7,"#,##0.00"),"-","△")&"】")) -> 【4.45】 | AT6: =IF(AT7="",NA(),AT7) -> - | AU6: =IF(AU7="",NA(),AU7) -> - | AV6: =IF(AV7="",NA(),AV7) -> - | AW6: =IF(AW7="",NA(),AW7) -> 124.88 | AX6: =IF(AX7="",NA(),AX7) -> 165.77 | AY6: =IF(AY7="",NA(),AY7) -> - | AZ6: =IF(AZ7="",NA(),AZ7) -> - | BA6: =IF(BA7="",NA(),BA7) -> - | ... BC6: =IF(BC7="",NA(),BC7) -> 54.09 | BD6: =IF(BD7="","",IF(BD7="-","【-】","【"&SUBSTITUTE(TEXT(BD7,"#,##0.00"),"-","△")&"】")) -> 【57.41】 | BE6: =IF(BE7="",NA(),BE7) -> - | BF6: =IF(BF7="",NA(),BF7) -> - | BG6: =IF(BG7="",NA(),BG7) -> - | BH6: =IF(BH7="",NA(),BH7) -> 167.26 | BI6: =IF(BI7="",NA(),BI7) -> 166.74 | BJ6: =IF(BJ7="",NA(),BJ7) -> - | BK6: =IF(BK7="",NA(),BK7) -> - | BL6: =IF(BL7="",NA(),BL7) -> - | ... BN6: =IF(BN7="",NA(),BN7) -> 845.86 | BO6: =IF(BO7="","",IF(BO7="-","【-】","【"&SUBSTITUTE(TEXT(BO7,"#,##0.00"),"-","△")&"】")) -> 【763.62】 | BP6: =IF(BP7="",NA(),BP7) -> - | BQ6: =IF(BQ7="",NA(),BQ7) -> - | BR6: =IF(BR7="",NA(),BR7) -> - | BS6: =IF(BS7="",NA(),BS7) -> 109.18 | BT6: =IF(BT7="",NA(),BT7) -> 107.96 | BU6: =IF(BU7="",NA(),BU7) -> - | BV6: =IF(BV7="",NA(),BV7) -> - | BW6: =IF(BW7="",NA(),BW7) -> - | ... BY6: =IF(BY7="",NA(),BY7) -> 101.88 | BZ6: =IF(BZ7="","",IF(BZ7="-","【-】","【"&SUBSTITUTE(TEXT(BZ7,"#,##0.00"),"-","△")&"】")) -> 【98.53】 | CA6: =IF(CA7="",NA(),CA7) -> - | CB6: =IF(CB7="",NA(),CB7) -> - | CC6: =IF(CC7="",NA(),CC7) -> - | CD6: =IF(CD7="",NA(),CD7) -> 97.69 | CE6: =IF(CE7="",NA(),CE7) -> 99.26 | CF6: =IF(CF7="",NA(),CF7) -> - | CG6: =IF(CG7="",NA(),CG7) -> - | CH6: =IF(CH7="",NA(),CH7) -> - | ... CJ6: =IF(CJ7="",NA(),CJ7) -> 143.15 | CK6: =IF(CK7="","",IF(CK7="-","【-】","【"&SUBSTITUTE(TEXT(CK7,"#,##0.00"),"-","△")&"】")) -> 【139.70】 | CL6: =IF(CL7="",NA(),CL7) -> - | CM6: =IF(CM7="",NA(),CM7) -> - | CN6: =IF(CN7="",NA(),CN7) -> - | CO6: =IF(CO7="",NA(),CO7) -> - | CP6: =IF(CP7="",NA(),CP7) -> - | CQ6: =IF(CQ7="",NA(),CQ7) -> - | CR6: =IF(CR7="",NA(),CR7) -> - | CS6: =IF(CS7="",NA(),CS7) -> - | ... CU6: =IF(CU7="",NA(),CU7) -> 62.5 | CV6: =IF(CV7="","",IF(CV7="-","【-】","【"&SUBSTITUTE(TEXT(CV7,"#,##0.00"),"-","△")&"】")) -> 【60.01】 | CW6: =IF(CW7="",NA(),CW7) -> - | CX6: =IF(CX7="",NA(),CX7) -> - | CY6: =IF(CY7="",NA(),CY7) -> - | CZ6: =IF(CZ7="",NA(),CZ7) -> 97.82 | DA6: =IF(DA7="",NA(),DA7) -> 97.98 | DB6: =IF(DB7="",NA(),DB7) -> - | DC6: =IF(DC7="",NA(),DC7) -> - | DD6: =IF(DD7="",NA(),DD7) -> - | ... DF6: =IF(DF7="",NA(),DF7) -> 93.88 | DG6: =IF(DG7="","",IF(DG7="-","【-】","【"&SUBSTITUTE(TEXT(DG7,"#,##0.00"),"-","△")&"】")) -> 【94.73】 | DH6: =IF(DH7="",NA(),DH7) -> - | DI6: =IF(DI7="",NA(),DI7) -> - | DJ6: =IF(DJ7="",NA(),DJ7) -> - | DK6: =IF(DK7="",NA(),DK7) -> 3.74 | DL6: =IF(DL7="",NA(),DL7) -> 7.42 | DM6: =IF(DM7="",NA(),DM7) -> - | DN6: =IF(DN7="",NA(),DN7) -> - | DO6: =IF(DO7="",NA(),DO7) -> - | ... DQ6: =IF(DQ7="",NA(),DQ7) -> 29.48 | DR6: =IF(DR7="","",IF(DR7="-","【-】","【"&SUBSTITUTE(TEXT(DR7,"#,##0.00"),"-","△")&"】")) -> 【36.85】 | DS6: =IF(DS7="",NA(),DS7) -> - | DT6: =IF(DT7="",NA(),DT7) -> - | DU6: =IF(DU7="",NA(),DU7) -> - | DV6: =IF(DV7="",NA(),DV7) -> 0 | DW6: =IF(DW7="",NA(),DW7) -> 0 | DX6: =IF(DX7="",NA(),DX7) -> - | DY6: =IF(DY7="",NA(),DY7) -> - | DZ6: =IF(DZ7="",NA(),DZ7) -> - | ... EB6: =IF(EB7="",NA(),EB7) -> 3.89 | EC6: =IF(EC7="","",IF(EC7="-","【-】","【"&SUBSTITUTE(TEXT(EC7,"#,##0.00"),"-","△")&"】")) -> 【4.56】 | ED6: =IF(ED7="",NA(),ED7) -> - | EE6: =IF(EE7="",NA(),EE7) -> - | EF6: =IF(EF7="",NA(),EF7) -> - | EG6: =IF(EG7="",NA(),EG7) -> 0.19 | EH6: =IF(EH7="",NA(),EH7) -> 0.13 | EI6: =IF(EI7="",NA(),EI7) -> - | EJ6: =IF(EJ7="",NA(),EJ7) -> - | EK6: =IF(EK7="",NA(),EK7) -> - | ... EM6: =IF(EM7="",NA(),EM7) -> 0.12 | EN6: =IF(EN7="","",IF(EN7="-","【-】","【"&SUBSTITUTE(TEXT(EN7,"#,##0.00"),"-","△")&"】")) -> 【0.23】
B7: 2015 | C7: 122122 | D7: 46 | E7: 17 | F7: 1 | G7: 0 | H7: 千葉県 佐倉市 | I7: 法適用 | J7: 下水道事業 | K7: 公共下水道 | L7: Ac1 | M7: - | N7: 90.01 | O7: 91.42 | P7: 81.08 | Q7: 1825 | R7: 177056 | S7: 103.69 | T7: 1707.55 | U7: 161798 | V7: 24.87 | W7: 6505.75 | X7: - | Y7: - | Z7: - | AA7: 105.23 | AB7: 103.84 | AC7: - | AD7: - | AE7: - | AF7: 105.47 | AG7: 106.67 | AH7: 108.23 | AI7: - | AJ7: - | AK7: - | AL7: 0 | AM7: 0 | AN7: - | AO7: - | AP7: - | AQ7: 13.3 | AR7: 12.51 | AS7: 4.45 | AT7: - | AU7: - | AV7: - | AW7: 124.88 | AX7: 165.77 | AY7: - | AZ7: - | BA7: - | BB7: 52.63 | BC7: 54.09 | BD7: 57.41 | BE7: - | BF7: - | BG7: - | BH7: 167.26 | BI7: 166.74 | BJ7: - | BK7: - | BL7: - | BM7: 843.57 | BN7: 845.86 | BO7: 763.62 | BP7: - | BQ7: - | BR7: - | BS7: 109.18 | BT7: 107.96 | BU7: - | BV7: - | BW7: - | BX7: 99.86 | BY7: 101.88 | BZ7: 98.53 | CA7: - | CB7: - | CC7: - | CD7: 97.69 | CE7: 99.26 | CF7: - | CG7: - | CH7: - | CI7: 147.29 | CJ7: 143.15 | CK7: 139.7 | CL7: - | CM7: - | CN7: - | CO7: - | CP7: - | CQ7: - | CR7: - | CS7: - | CT7: 61.03 | CU7: 62.5 | CV7: 60.01 | CW7: - | CX7: - | CY7: - | CZ7: 97.82 | DA7: 97.98 | DB7: - | DC7: - | DD7: - | DE7: 93.83 | DF7: 93.88 | DG7: 94.73 | DH7: - | DI7: - | DJ7: - | DK7: 3.74 | DL7: 7.42 | DM7: - | DN7: - | DO7: - | DP7: 28.06 | DQ7: 29.48 | DR7: 36.85 | DS7: - | DT7: - | DU7: - | DV7: 0 | DW7: 0 | DX7: - | DY7: - | DZ7: - | EA7: 3.32 | EB7: 3.89 | EC7: 4.56 | ED7: - | EE7: - | EF7: - | EG7: 0.19 | EH7: 0.13 | EI7: - | EJ7: - | EK7: - | EL7: 0.11 | EM7: 0.12 | EN7: 0.23
B9: Ｎ－４年度 | C9: Ｎ－３年度 | D9: Ｎ－２年度 | E9: Ｎ－１年度 | F9: Ｎ年度
A10: 年度 | B10: =DATEVALUE($B$6-4&"年1月1日") -> 40544 | C10: =DATEVALUE($B$6-3&"年1月1日") -> 40909 | D10: =DATEVALUE($B$6-2&"年1月1日") -> 41275 | E10: =DATEVALUE($B$6-1&"年1月1日") -> 41640 | F10: =DATEVALUE($B$6&"年1月1日") -> 42005
